 Dungeon Crawl Stone Soup version 0.27-a0-1136-g0b992a5a9d (webtiles) character file.

Game seed: 17059720741126456777

288740 wakim the Brawler (level 19, -22/189 HPs)
             Began as a Troll Monk on May 4, 2021.
             Was a High Priest of Zin.
             Annihilated by a dire elephant (26 damage)
             ... led by an ironbound beastmaster
             ... on level 2 of the Vaults on May 5, 2021.
             The game lasted 02:49:16 (42451 turns).

wakim the Brawler (Troll Monk)                     Turns: 42451, Time: 02:49:16

Health: -22/189    AC: 21    Str: 30    XL:     19   Next: 89%
Magic:  28/28      EV: 15    Int:  6    God:    Zin [*****.]
Gold:   2479       SH: 21    Dex: 12    Spells: 18/18 levels left

rFire    . . .     SeeInvis .     - Unarmed
rCold    + . .     Faith    .   o - +3 kite shield {rPois}
rNeg     + + .     Spirit   .   M - +0 shadow dragon scales
rPois    +         Reflect  +   p - +2 hat
rElec    .         Harm     .   L - +0 cloak {Will+}
rCorr    .         Rampage  .   (gloves unavailable)
Will     +++..                  (boots unavailable)
Stlth    +++.......             g - amulet of reflection
HPRegen  1.41/turn              f - ring of Eluguy {Will+ EV+4 Slay+5}
MPRegen  0.21/turn              c - ring of the Genius {rC+ rN++}

@: on recite cooldown, studying Earth Magic
A: large, unfitting armour, claws 3, regeneration 1, shaggy fur 1, tough skin 1
}: 2/15 runes: decaying, gossamer
a: Renounce Religion, Recite, Vitalisation, Imprison, Sanctuary, Donate Gold


You were on level 2 of the Vaults.
You worshipped Zin.
Zin was extremely pleased with you.
You visited 8 branches of the dungeon, and saw 36 of its levels.
You visited 1 bazaar.
You also visited: Bailey and Gauntlet.

You collected 4118 gold pieces.
You spent 1421 gold pieces at shops.
You donated 218 gold pieces to Zin.

Inventory:

Missiles
 b - 6 silver boomerangs
 e - 22 javelins
 h - 10 throwing nets {=f!f}
 l - 16 curare-tipped darts {=f}
 s - 35 large rocks (quivered) {=f}
 z - 31 boomerangs
 H - 5 atropa-tipped darts
Armour
 o - a +3 kite shield of poison resistance (worn)
 p - a +2 hat (worn)
 q - a +1 hat of willpower
 x - +0 acid dragon scales
 y - a +0 troll leather armour
 L - a +0 cloak of willpower (worn)
 M - +0 shadow dragon scales (worn)
Jewellery
 c - the ring of the Genius (right claw) {rC+ rN++}
   (You found it in a Gauntlet)

   [ring of protection from cold]

   It protects you from cold.
   It greatly protects you from negative energy.
 d - the ring of Birdsong {Wiz Contam rPois Will+}
   (You found it on level 5 of the Lair of Beasts)

   [ring of wizardry]

   It improves your spell success rate.
   It protects you from poison.
   It causes magical contamination when unequipped.
   It increases your willpower.
 f - the ring of Eluguy (left claw) {Will+ EV+4 Slay+5}
   (You acquired it on level 4 of the Dungeon)

   [ring of evasion]

   It affects your evasion (+4).
   It affects your accuracy and damage with ranged weapons and melee attacks
   (+5).
   It increases your willpower.
 g - an amulet of reflection (around neck)
 j - a +4 ring of protection
 m - a ring of protection from cold
 n - an amulet of faith
 v - a ring of protection from fire
 K - a ring of resist corrosion
Wands
 t - a wand of digging (5)
 u - a wand of mindburst (55)
 w - a wand of acid (36)
 P - a wand of iceblast (53)
Scrolls
 i - 4 scrolls of enchant armour
 k - 9 scrolls of amnesia
 r - 12 scrolls of identify
 R - 3 scrolls of magic mapping {!r}
 S - 2 scrolls of summoning
 T - 9 scrolls of teleportation
 U - 2 scrolls of fear
 X - 4 scrolls of fog
 Y - 4 scrolls of blinking {!r}
 Z - 2 scrolls of silence {!r}
Potions
 a - 2 potions of haste
 A - 18 potions of ambrosia
 B - 3 potions of attraction {!q}
 C - 2 potions of berserk rage {!q}
 D - 2 potions of brilliance
 E - 2 potions of cancellation
 F - 11 potions of curing
 G - 7 potions of flight
 I - a potion of invisibility
 J - a potion of heal wounds
 N - 2 potions of might
 O - 2 potions of resistance


   Skills:
 * Level 11.8 Fighting
 + Level 11.0 Throwing
 * Level 12.3 Armour
 + Level 10.7 Dodging
 - Level 1.0 Stealth
 + Level 11.6 Shields
 * Level 16.5 Unarmed Combat
 * Level 14.3 Invocations


You had 18 spell levels left.
You didn't know any spells.
Your spell library contained the following spells:

 Spells                   Type           Power      Damage    Failure   Level
 Corona                   Hex            0%         N/A       87%         1
 Magic Dart               Conj           0%         1d3       87%         1
 Sting                    Tmut/Pois      0%         1d3       87%         1
 Summon Small Mammal      Summ           0%         N/A       87%         1
 Call Imp                 Summ           0%         N/A       95%         2
 Passwall                 Tmut/Erth      0%         N/A       95%         2
 Poisonous Vapours        Pois/Air       0%         N/A       95%         2
 Searing Ray              Conj           0%         3d3       95%         2
 Slow                     Hex            0%         N/A       95%         2
 Call Canine Familiar     Summ           0%         N/A       99%         3
 Dazzling Flash           Conj/Hex       0%         N/A       99%         3
 Ignite Poison            Fire/Tmut/Pois 0%         N/A       99%         3
 Inner Flame              Hex/Fire       0%         N/A       99%         3
 Mephitic Cloud           Conj/Pois/Air  0%         N/A       99%         3
 Portal Projectile        Hex/Tloc       0%         N/A       99%         3
 Summon Guardian Golem    Hex/Summ       0%         N/A       99%         3
 Swiftness                Air            0%         N/A       99%         3
 Animate Armour           Summ/Erth      0%         N/A       100%        4
 Cause Fear               Hex            0%         N/A       100%        4
 Fulminant Prism          Conj/Hex       0%         3d6       100%        4
 Iskenderun's Mystic Bla  Conj/Tloc      0%         2d3       100%        4
 Leda's Liquefaction      Hex/Erth       0%         N/A       100%        4
 Olgreb's Toxic Radiance  Pois           0%         N/A       100%        4
 Passage of Golubria      Tloc           N/A        N/A       100%        4
 Summon Ice Beast         Ice/Summ       0%         N/A       100%        4
 Summon Lightning Spire   Summ/Air       0%         N/A       100%        4
 Bolt of Magma            Conj/Fire/Erth 0%         4d4       100%        5
 Fireball                 Conj/Fire      0%         3d3       100%        5
 Lee's Rapid Deconstruct  Erth           0%         3d5*      100%        5
 Invisibility             Hex            0%         N/A       100%        6
 Iron Shot                Conj/Erth      0%         9d1       100%        6
 Starburst                Conj/Fire      0%         8x6d3     100%        6
 Statue Form              Tmut/Erth      0%         N/A       100%        6
 Borgnjor's Revivificati  Necr           0%         N/A       100%        8
 Ignition                 Fire           0%         3d3       100%        8
 Infestation              Necr           0%         N/A       100%        8
 Necromutation            Tmut/Necr      0%         N/A       100%        8
 Death's Door             Necr           0%         N/A       100%        9
 Shatter                  Erth           0%         3d5*      100%        9


Dungeon Overview and Level Annotations

Branches:
Dungeon (15/15) Temple (1/1) D:7 Lair (6/6) D:8 Swamp (4/4) Lair:4 Spider (4/4) Lair:2 Slime (0/5) Lair:6 Orc (2/2) D:10 Elf (0/3) Orc:1 Orc:2 Vaults (2/5) D:13 Crypt (0/3) Vaults:2 Depths (2/5) D:15 Bailey (visited) Gauntlet (visited)

Altars:
Ashenzari
Cheibriados
Dithmenos
Elyvilon
Fedhas
Gozag
Hepliaklqana
Kikubaaqudgha
Makhleb
Nemelex Xobeh
Okawaru
Qazlal
Ru
Sif Muna
Trog
Uskayaw
Vehumet
Wu Jian
Xom
Yredelemnul
Zin
The Shining One
Beogh
Jiyva

Shops:
D:1 (*[((   D:4 (   D:8 [   Orc:2 :(*[[[=[:

Portals:
Hell: Depths:1
Trove: Depths:1 (give 3 potions of resistance)


Innate Abilities, Weirdness & Mutations

You are too large for most types of armour.
You have claws for hands.
Your natural rate of healing is unusually fast.
You are covered in fur. (AC +1)
You have tough skin. (AC +1)


Message History

You block the deep troll's attack. The deep troll claws you.
* * * LOW HITPOINT WARNING * * *
The dire elephant tramples you!
* * * LOW HITPOINT WARNING * * *
You stumble backwards!
The ironbound preserver is lost in a daze.
You claw the dire elephant!
The dire elephant is lightly wounded.
The ironbound preserver is no longer dazed.
The dire elephant completely misses you.
The dire elephant trunk-slaps you but does no damage.
You mangle the dire elephant!!
The dire elephant is moderately wounded.
The dire elephant tramples you!!
* * * LOW HITPOINT WARNING * * *
You hold your ground!
The dire elephant trunk-slaps you.
* * * LOW HITPOINT WARNING * * *
The dire elephant closely misses you. You block the dire elephant's attack.
The ironbound preserver hits you with a +0 dire flail!!
* * * LOW HITPOINT WARNING * * *
The ironbound preserver hits you with a +0 dire flail.
* * * LOW HITPOINT WARNING * * *
You block the deep troll's attack. x3
You feel better.
You block the ironbound preserver's attack.
The dire elephant tramples you!!
* * * LOW HITPOINT WARNING * * *
You stumble backwards!
The deep troll bites you!
* * * LOW HITPOINT WARNING * * *
The deep troll closely misses you. The deep troll barely misses you.
As you read the scroll of fear, it crumbles to dust.
You assume a fearsome visage.
The dire elephant resists with almost no effort.
The dire elephant resists with some effort.
The deep troll looks frightened!
The ironbound preserver looks frightened!
You block the dire elephant's attack. The dire elephant misses you.
The dire elephant tramples you!!
You die...

,,#....<......# ,,#.#.#.#.#.#.#
########## ***..,...,..,,*
#......... ,,##*##+##*#######
#......... *,*,,,,,*,,#.....#
#..####### *,*,,,,,+,,#..p..#
#..# # *,*,,^,,*,,#..T..# #..# #
*,+,,,,,*,,#).).Y# #..# #
*,*,,,,,*,,#...Y@#######..# #
*,*******..####'##.....#..# #
*,*,,,,,...Y....)#.....#[.#######
*,*,,,,,.........'..>..#.[.......
*,**+***#..#######..)..')[..[....
,,*,,,,,#.,*,,,,,#.....######'###
***,,,,,*,,*,,,,,###'### #....
*,,,,,*,,*,,,,,*#...# #....
*,,,,,*,,+,,,,,*##.## #....


You could see 2 dire elephants, an ironbound preserver (fleeing) and a deep
troll (fleeing).

Vanquished Creatures
  Saint Roka (Depths:1)
  A bone dragon (Swamp:3)
  Arachne (Spider:1)
  A tentacled monstrosity (Swamp:3)
  Rupert (Spider:1)
  A lich (Depths:1)
  A sphinx (Depths:1)
  2 tengu reavers (Depths:1)
  A shadow dragon (Depths:1)
  Agnes (D:15)
  2 fire giants
  A vault warden (Vaults:1)
  2 ghost moths (Spider:4)
  A frost giant (D:15)
  An orc warlord (Orc:2)
  3 ghouls (Swamp:4)
  5 ironbound preservers
  A reaper (Gauntlet)
  The ghost of sastreii the Pandemonic, an adept VSFi of Makhleb (Spider:2)
  4 emperor scorpions
  A very ugly thing (Vaults:1)
  4 stone giants
  Nessos (D:15)
  Azrael (D:13)
  4 dire elephants
  A minotaur (Gauntlet)
  2 entropy weavers
  4 bunyips
  5 spark wasps
  An ettin (Depths:1)
  A fire dragon (Depths:1)
  4 yaktaur captains
  A rakshasa (Depths:1)
  2 shambling mangroves
  4 great orbs of eyes
  Harold (D:7)
  18 hydras
  6 vault guards
  5 boulder beetles
  2 ironbound thunderhulks (Vaults:1)
  An ogre mage (D:13)
  5 ghost crabs
  10 alligators
  19 death yaks
  13 centaur warriors
  2 deep troll shamans (Depths:1)
  2 ironbound frosthearts
  7 two-headed ogres
  3 deep troll earth magi
  The ghost of Anon1729 the Blocker, a novice FoFi of Cheibriados (D:10)
  The ghost of catramo the Nimble, a novice GnWn (D:9)
  3 tengu warriors
  5 ironbound beastmasters
  Sonja (Lair:1)
  3 orc high priests (Orc:2)
  The ghost of Verendum the Martial Artist, a novice OpFi of Wu Jian (D:8)
  A deep elf knight (D:13)
  5 iron trolls
  A skeletal warrior (Vaults:2)
  5 goliath frogs
  2 spriggan druids
  A death drake (Swamp:4)
  26 deep trolls
  A flayed ghost (D:10)
  A swamp dragon (Swamp:1)
  A glowing orange brain (D:9)
  9 bog bodies
  6 lindwurms
  A necromancer (D:15)
  3 wizards
  17 ugly things
  10 ironbound convokers
  A wolf spider (shapeshifter) (D:15)
  29 wolf spiders
  4 orc knights
  2 phantasmal warriors (Swamp:4)
  18 orb spiders
  A deep elf zephyrmancer (D:15)
  3 deep elf pyromancers
  An oklob plant (Lair:4)
  4 cyclopes
  9 orc sorcerers
  4 will-o-the-wisps
  2 moths of wrath (Spider:4)
  2 manticores
  12 elephants
  2 torpor snails (Lair:3)
  2 vault sentinels (Vaults:1)
  5 black mambas
  The ghost of Killmatronix the Vandal, a novice DgHu (D:5)
  2 gargoyles
  An unseen horror (D:11)
  A cane toad (shapeshifter) (Gauntlet)
  13 cane toads
  4 rime drakes
  3 swamp worm zombies (Swamp:4)
  8 yaktaurs
  10 komodo dragons
  10 demonic crawlers
  A hellwing (Gauntlet)
  2 hydra zombies (Swamp:4)
  A tengu conjurer (D:13)
  A meliai (shapeshifter) (Gauntlet)
  7 trolls
  A bloated husk (Swamp:2)
  28 hornets
  30 jumping spiders
  15 slime creatures (Vaults:1)
  2 tyrant leeches (Swamp:2)
  8 polar bears
  6 spectral swamp dragons (Swamp:4)
  4 alligator zombies (Swamp:4)
  7 dream sheep
  21 blink frogs
  A meliai zombie (D:11)
  A centaur simulacrum (D:15)
  63 redbacks
  A vampire (D:9)
  2 shadows
  3 wraiths
  6 fire elementals
  30 tarantellas
  60 yaks
  2 fire bats (Lair:4)
  22 spriggans
  3 wyverns
  4 basilisks
  A steam dragon (D:8)
  3 chaos spawn (D:12)
  17 vampire mosquitoes
  5 wargs
  Edmund (D:5)
  20 swamp worms
  4 hell hounds
  A two-headed ogre zombie (D:10)
  An acid dragon (D:11)
  10 water moccasins
  A floating eye (shapeshifter) (Gauntlet)
  3 swamp drakes
  13 black bears
  A hornet zombie (D:8)
  45 orc warriors
  A sky beast (D:7)
  4 swamp dragon zombies (Swamp:4)
  3 ice beasts
  6 ogres
  4 boggarts (Lair:6)
  24 centaurs
  6 necrophages
  28 wolves
  6 phantoms
  2 kobold brigands
  13 bullfrogs
  10 gnoll sergeants
  A scorpion (D:7)
  A hornet simulacrum (D:15)
  63 killer bees
  3 troll zombies (D:10)
  9 wights
  8 howler monkeys
  6 electric eels
  2 lava snakes
  2 jellies
  3 centaur zombies
  A bullfrog zombie (D:5)
  5 hounds
  Crazy Yiuf (D:6)
  3 centaur skeletons
  7 gnoll shamans
  24 orc priests
  An iguana (D:6)
  Natasha (thrice) (D:3)
  10 hell rats
  34 orc wizards
  A spectral swamp drake (Swamp:4)
  4 ogre zombies (D:10)
  2 howler monkey zombies (D:10)
  34 gnolls
  3 adders
  2 shadow imps (D:8)
  A white imp (D:6)
  3 ufetubi
  3 worms
  A dart slug (D:4)
  95 orcs
  5 ball pythons
  6 bats
  11 endoplasms
  9 giant cockroaches
  5 goblins
  8 hobgoblins
  11 kobolds
  3 quokkas
  2 frilled lizards
  A goblin skeleton (D:10)
  3 goblin zombies (D:10)
  2 hobgoblin skeletons (D:10)
  2 hobgoblin zombies (D:10)
  5 orc skeletons (D:10)
  12 orc zombies (D:10)
  6 rats
  A butterfly (Lair:2)
  5 pillars of salt
1419 creatures vanquished.

Vanquished Creatures (others)
  A hydra (Swamp:3)
  6 bloated husks
  A hornet (Swamp:4)
  A tyrant leech (Swamp:4)
  An alligator zombie (Swamp:4)
  A tarantella (Spider:1)
  A swamp worm (Swamp:3)
  A swamp drake (Swamp:2)
  2 phantoms (Swamp:4)
  An orc wizard (D:10)
  A spectral swamp drake (Swamp:4)
  10 demonic plants (Gauntlet)
  22 foxfires
  39 fungi
  10 pillars of salt
  41 plants
139 creatures vanquished.

Grand Total: 1558 creatures vanquished

Notes
Turn   | Place    | Note
-------+----------+-------------------------------------------
     0 | D:1      | wakim the Troll Monk began the quest for the Orb.
     0 | D:1      | Reached XP level 1. HP: 22/22 MP: 0/0
    29 | D:1      | Found Couram's Armour Emporium.
    87 | D:1      | Found Ketoucze's Antique Weapon Shop.
    96 | D:1      | Reached XP level 2. HP: 24/29 MP: 1/1
   203 | D:1      | Found Uluillawk's Weapon Shoppe.
   338 | D:1      | Found Toistoh's Assorted Antiques.
   620 | D:1      | Found Caeps's Weapon Boutique.
   777 | D:1      | Found a faded altar of an unknown god.
   781 | D:1      | Became a worshipper of Zin the Law-Giver
   781 | D:1      | Reached * piety under Zin
   781 | D:1      | Reached ** piety under Zin
   907 | D:2      | Reached XP level 3. HP: 36/36 MP: 2/2
   917 | D:2      | Reached *** piety under Zin
  1081 | D:2      | Reached skill level 1 in Armour
  1550 | D:3      | Reached XP level 4. HP: 44/44 MP: 3/3
  1994 | D:3      | Noticed Natasha
  2003 | D:3      | Killed Natasha
  2142 | D:3      | Noticed Natasha
  2152 | D:3      | Killed Natasha
  2153 | D:3      | Reached skill level 4 in Unarmed Combat
  2153 | D:3      | Reached skill level 1 in Invocations
  2153 | D:3      | Reached XP level 5. HP: 44/52 MP: 4/4
  2219 | D:3      | Noticed Natasha
  2231 | D:3      | Killed Natasha
  2607 | D:4      | Noticed a phantom
  2619 | D:4      | Found Kidgheroch's Antique Weapon Emporium.
  2622 | D:4      | Killed a phantom
  2623 | D:4      | Reached skill level 1 in Throwing
  2623 | D:4      | Reached XP level 6. HP: 31/61 MP: 6/6
  2693 | D:4      | Reached **** piety under Zin
  2783 | D:4      | Reached XP level 7. HP: 35/67 MP: 7/7
  2864 | D:4      | Identified a scroll of acquirement
  2864 | D:4      | Acquired the ring of Eluguy {Will+ EV+4 Slay+5}
  3136 | D:5      | Entered Level 5 of the Dungeon
  3169 | D:5      | Reached skill level 5 in Unarmed Combat
  3324 | D:5      | Found a transporter.
  3328 | D:5      | Found a transporter.
  3331 | D:5      | Noticed Killmatronix's ghost (novice DgHu)
  4128 | D:6      | Reached XP level 8. HP: 78/78 MP: 8/8
  4173 | D:6      | Noticed Edmund
  4204 | D:5      | Killed Edmund
  4233 | D:6      | Found a runed translucent door.
  4234 | D:6      | Noticed Crazy Yiuf
  4244 | D:6      | Killed Crazy Yiuf
  4245 | D:6      | Reached skill level 6 in Unarmed Combat
  4767 | D:7      | Noticed Harold
  4793 | D:7      | Reached XP level 9. HP: 40/85 MP: 10/10
  4849 | D:7      | Killed Harold
  4850 | D:7      | Reached skill level 5 in Armour
  4850 | D:7      | Reached skill level 7 in Unarmed Combat
  4899 | D:7      | Reached ***** piety under Zin
  5023 | D:7      | Found a staircase to the Ecumenical Temple.
  5076 | D:6      | Reached skill level 5 in Fighting
  5388 | Temple   | Entered the Ecumenical Temple
  5658 | D:8      | Found a transporter.
  5658 | D:8      | Noticed Verendum's ghost (novice OpFi)
  5682 | D:8      | Noticed a manticore
  5688 | D:8      | Found a transporter.
  5750 | D:8      | Reached XP level 10. HP: 23/96 MP: 12/12
  5989 | D:8      | Reached skill level 8 in Unarmed Combat
  6009 | D:8      | Reached skill level 5 in Dodging
  6438 | D:8      | Found a staircase to the Lair.
  6553 | D:8      | Identified the +0 hand axe "Horphuppu" {speed, Stlth+}
  6784 | D:8      | Found Qutook's Armour Emporium.
  6930 | D:1      | Bought a +2 kite shield of poison resistance for 222 gold
                  | pieces
  7052 | D:8      | Found a sparkling altar of Nemelex Xobeh.
  7111 | D:9      | Noticed a two-headed ogre
  7131 | D:9      | Killed a two-headed ogre
  7132 | D:9      | Reached skill level 1 in Shields
  7132 | D:9      | Reached skill level 5 in Invocations
  7181 | D:9      | Reached ****** piety under Zin
  7270 | D:9      | Reached skill level 5 in Throwing
  7307 | D:9      | Reached XP level 11. HP: 104/107 MP: 11/13
  7379 | D:9      | Reached skill level 9 in Unarmed Combat
  7955 | D:9      | Found a transporter.
  7959 | D:9      | Noticed catramo's ghost (novice GnWn)
  8015 | D:9      | Noticed a glowing orange brain
  8017 | D:9      | Found a transporter.
  8194 | D:9      | Found the +3 giant club "Skullcrusher" {speed, Str+7}
  8514 | D:10     | Entered Level 10 of the Dungeon
  8518 | D:10     | Found a runed translucent gate.
  8518 | D:10     | Found a runed translucent gate.
  8519 | D:10     | Found a runed translucent gate.
  8520 | D:10     | Found an opulent altar of Gozag.
  8523 | D:10     | Noticed a deep elf pyromancer
  8523 | D:10     | Noticed a flayed ghost
  8523 | D:10     | Noticed Anon1729's ghost (novice FoFi)
  8657 | D:10     | Found a staircase to the Orcish Mines.
  8671 | D:10     | Found the +3 salamander hide armour {Flames rF++ rC--}
  8776 | D:10     | Noticed a two-headed ogre
  8914 | D:9      | Killed a two-headed ogre
  9318 | D:10     | Acquired 527 gold pieces
  9436 | D:10     | Identified the +7 trident of Upheaval {flame, rCorr Str+4}
 10735 | Lair:1   | Entered Level 1 of the Lair of Beasts
 10834 | Lair:1   | Noticed a five-headed hydra
 10854 | Lair:1   | Killed a six-headed hydra
 10855 | Lair:1   | Reached skill level 10 in Unarmed Combat
 10855 | Lair:1   | Reached XP level 12. HP: 39/118 MP: 15/15
 11004 | Lair:1   | Noticed a four-headed hydra
 11015 | Lair:1   | Killed a six-headed hydra
 11099 | Lair:1   | You fall into a shaft and drop 1 floor!
 11442 | Lair:1   | Noticed Sonja
 11447 | Lair:1   | Killed Sonja
 11756 | Lair:1   | Found an ornate altar of the Wu Jian Council.
 12095 | Lair:2   | Noticed a five-headed hydra
 12114 | Lair:2   | Killed a six-headed hydra
 12336 | Lair:2   | Found a hole to the Spider Nest.
 12557 | Lair:2   | Reached skill level 5 in Shields
 13263 | D:5      | Killed Killmatronix's ghost
 13429 | D:8      | Killed Verendum's ghost
 13542 | D:9      | Killed catramo's ghost
 13646 | D:10     | Reached XP level 13. HP: 59/126 MP: 17/17
 13662 | D:10     | Killed Anon1729's ghost
 13663 | D:10     | Reached skill level 11 in Unarmed Combat
 16371 | Lair:4   | Found a staircase to the Swamp.
 16727 | Lair:5   | Reached XP level 14. HP: 136/136 MP: 19/19
 16922 | Lair:5   | Reached skill level 12 in Unarmed Combat
 16954 | Lair:5   | Identified the ring of Birdsong {Wiz Contam rPois Will+}
 17647 | Lair:6   | Entered Level 6 of the Lair of Beasts
 17722 | Lair:6   | Found a runed translucent door.
 17722 | Lair:6   | Found a viscous altar of Jiyva.
 17724 | Lair:6   | Found a staircase to the Slime Pits.
 18260 | Lair:5   | Reached skill level 10 in Invocations
 18871 | Lair:6   | Reached XP level 15. HP: 145/145 MP: 21/21
 20281 | D:12     | Found a shimmering altar of Xom.
 20290 | D:12     | Reached skill level 13 in Unarmed Combat
 20306 | D:12     | Found the +7 mace of Variability {chain chaos}
 20674 | D:13     | Noticed Azrael
 20735 | D:13     | Killed Azrael
 20847 | D:13     | Found a gate leading to a gauntlet.
 20861 | Gauntlet | Entered a Gauntlet
 20861 | Gauntlet | Found a transporter.
 20864 | Gauntlet | Found a transporter.
 20865 | Gauntlet | Found a transporter.
 20869 | Gauntlet | Found a transporter.
 20873 | Gauntlet | Found a transporter.
 20874 | Gauntlet | Found a transporter.
 20878 | Gauntlet | Found a transporter.
 20880 | Gauntlet | Found a transporter.
 20924 | Gauntlet | Identified the ring of the Genius {rC+ rN++}
 20930 | Gauntlet | Identified the +1 leather armour of Hide-and-Seek {+Inv}
 20990 | Gauntlet | Identified the +8 chain mail of Setaf {Str+4}
 21046 | D:13     | Found a flagged portal.
 21060 | Bailey   | Entered a bailey
 21866 | D:13     | Found a gate to the Vaults.
 21998 | Orc:1    | Entered Level 1 of the Orcish Mines
 22020 | Orc:1    | Paralysed by an orc sorcerer for 5 turns
 22028 | Orc:1    | HP: 5/140 [orc sorcerer/bolt of negative energy (10)]
 22145 | D:10     | Acquired a +1 hat of willpower
 22548 | Orc:2    | Entered Level 2 of the Orcish Mines
 22548 | Orc:2    | Found a staircase to the Elven Halls.
 22548 | Orc:2    | Found Teosil Kuyxt's Armour Shop.
 22627 | Orc:2    | Found Pebairosch's Armour Boutique.
 22675 | Orc:2    | Found Eppilex's Book Emporium.
 22704 | Orc:2    | Found Esewaet's Jewellery Boutique.
 22750 | Orc:2    | Found Kukhask's Armour Boutique.
 22914 | Orc:2    | Noticed an orc warlord
 22928 | Orc:2    | Killed an orc warlord
 23080 | Orc:2    | Reached XP level 16. HP: 135/156 MP: 19/23
 23132 | Orc:2    | Bought a +0 cloak of willpower for 126 gold pieces
 23374 | Orc:2    | Found Hiusm's Antique Armour Emporium.
 23375 | Orc:2    | Found Weyr's Antique Weapon Emporium.
 23377 | Orc:2    | Found Noicoar's General Store.
 23377 | Orc:2    | Found Lumu's Book Shoppe.
 23381 | Orc:2    | Bought a potion of heal wounds for 80 gold pieces
 23381 | Orc:2    | Bought a scroll of blinking for 120 gold pieces
 23381 | Orc:2    | Bought 3 scrolls of teleportation for 144 gold pieces
 23657 | D:14     | Found a sacrificial altar of Ru.
 25168 | D:15     | Entered Level 15 of the Dungeon
 25200 | D:15     | Noticed Agnes
 25223 | D:15     | Killed Agnes
 25499 | D:15     | Noticed Nessos
 25510 | D:15     | Killed Nessos
 26144 | D:15     | Found a staircase to the Depths.
 26147 | D:15     | Reached skill level 14 in Unarmed Combat
 26494 | Swamp:1  | Entered Level 1 of the Swamp
 26688 | Swamp:1  | Reached skill level 10 in Shields
 29126 | Swamp:3  | Noticed a tentacled monstrosity
 29137 | Swamp:3  | Killed a tentacled monstrosity
 29138 | Swamp:3  | Reached skill level 10 in Armour
 29138 | Swamp:3  | Reached XP level 17. HP: 121/165 MP: 16/25
 29980 | Swamp:4  | Entered Level 4 of the Swamp
 30230 | Swamp:4  | Reached skill level 10 in Fighting
 31438 | Swamp:4  | Noticed a bone dragon
 31477 | Swamp:3  | Killed a bone dragon
 31745 | Swamp:4  | Got a decaying rune of Zot
 31919 | Spider:1 | Entered Level 1 of the Spider Nest
 32368 | Spider:1 | Noticed Rupert
 32498 | Spider:1 | Killed Rupert
 32499 | Spider:1 | Reached skill level 15 in Unarmed Combat
 32897 | Spider:2 | Found a runed translucent door.
 32897 | Spider:2 | Noticed sastreii's ghost (adept VSFi)
 32911 | Spider:2 | Killed sastreii's ghost
 32911 | Spider:2 | Noticed Arachne
 32939 | Spider:1 | Killed Arachne
 33122 | Spider:1 | Reached skill level 10 in Throwing
 33703 | Spider:2 | Identified the +8 scale mail of Shadows and Fog {rElec
                  | Str+3 Stlth-}
 34029 | Spider:3 | Reached XP level 18. HP: 163/176 MP: 26/26
 34974 | Spider:4 | Entered Level 4 of the Spider Nest
 35091 | Spider:4 | Found a hide-covered altar of Uskayaw.
 35438 | Spider:4 | Reached skill level 10 in Dodging
 36460 | Spider:4 | Got a gossamer rune of Zot
 36884 | Depths:1 | Entered Level 1 of the Depths
 37669 | Depths:1 | Found a portal to a secret trove of treasure.
 37802 | Depths:1 | Found a gateway to Hell.
 38242 | Depths:1 | Noticed Saint Roka
 38522 | Depths:1 | Killed Saint Roka
 38885 | Depths:2 | Noticed a lich
 38898 | Depths:1 | Killed a lich
 38899 | Depths:1 | Reached XP level 19. HP: 164/187 MP: 25/28
 39344 | Vaults:1 | Entered Level 1 of the Vaults
 39377 | D:13     | Reached skill level 16 in Unarmed Combat
 41781 | Vaults:2 | Found a flickering gateway to a bazaar.
 41908 | Bazaar   | Entered a bazaar
 41953 | Bazaar   | Found Gypelyi's Antique Weapon Shoppe.
 41962 | Bazaar   | Found Zonee's Armour Emporium.
 41987 | Bazaar   | Found Bin Temu's Jewellery Shop.
 41995 | Bazaar   | Found Ebbibua's Weapon Shoppe.
 42041 | Bazaar   | Bought a +2 hat for 304 gold pieces
 42074 | Bazaar   | Bought a ring of protection from fire for 425 gold pieces
 42450 | Vaults:2 | HP: 3/189 [deep troll[an ironbound preserver] (12)]
 42451 | Vaults:2 | Annihilated by a dire elephant

Illustrated notes

Levels and vault maps discovered:
D:1:      ncdulo_smallfort, layout_loops_ring, serial_shops, nicolae_shop_stone,
          shop, shop, nicolae_shop_overgrown_old_shop, nicolae_shop_waterfront,
          chequers_ecumenical_altar_grove, minmay_pentomino_v4
D:2:      layout_rooms
D:3:      layout_basic, chequers_serial_rivers_room_b,
          kennysheep_generic_room_6, uniq_natasha
D:4:      layout_rooms, serial_shops, nicolae_shop_trees,
          minmay_fractal_squares_5
D:5:      layout_basic, gammafunk_ghost_hive, serial_bayou_lake_a
D:6:      cheibrodos_iron_armory, layout_cave_pools, uniq_edmund,
          uniq_crazy_yiuf_cottage
D:7:      layout_rooms, minmay_temple_entry_steel_oval, dk_noncrumbling_4,
          uniq_harold
D:8:      wad_woods_minihive, layout_basic, kennysheep_mini, lair_entry_dummy,
          gammafunk_ghost_arena, serial_shops, kennysheep_mini_moat,
          minmay_alternating_orb
D:9:      layout_stronghold, gammafunk_ghost_arena
D:10:     layout_cave_pools, zombieorc2_lemuel, ebering_ghost_gozag,
          minmay_fractal_squares_diagonal_5
D:11:     layout_cave_pools
D:12:     layout_roguey, minmay_guarded_unrand_variability
D:13:     layout_cave_pools, grunt_vaults_entry_fortified,
          gauntlet_entry_generic, enter_bailey_4, uniq_azrael
D:14:     layout_grid_maze, serial_glass, glass_columns_a, glass_columns_b,
          glass_columns_a, glass_columns_a, nicolae_ru_path_of_blood
D:15:     grunt_enter_depths_magical_seal, layout_basic,
          nicolae_twisting_strands, chequers_serial_rivers_small_3,
          minmay_statues_item, uniq_agnes, uniq_nessos
Temple:   roderic_octagonal_lattice_temple
Lair:1:   layout_loops_ring, lemuel_centaur_altar, grunt_megastairs_3,
          uniq_sonja
Lair:2:   beast_lair_carwin_large_2, layout_regular_city,
          nicolae_spider_entry_orb_guardian, wad_woods_river_04, minivault_19,
          lemuel_fruit_fields
Lair:3:   layout_chaotic_city, eino_small_chamber_without_monster,
          lemuel_fruit_fields, infiniplex_staircase_pool_2
Lair:4:   layout_gridlike, nicolae_swamp_entry_splash_gauntlet, minivault_26,
          lemuel_fruit_tree
Lair:5:   layout_gridlike, infiniplex_staircase_pool
Lair:6:   minmay_lair_end_enchanted_forest, layout_cave_shapes, slime_altar_2,
          st_stairs_3, nicolae_quartered_pool_super,
          chequers_serial_rivers_micro_a, minivault_25
Swamp:1:  layout_basic_swamp, evilmike_swamp_ruin_rubble_2
Swamp:2:  layout_basic_swamp, nicolae_swamp_rocky_clearing, swamp_pool4
Swamp:3:  layout_basic_swamp, evilmike_swamp_ruin_house_2
Swamp:4:  swamp_pestilence, layout_basic_swamp
Spider:1: layout_spider_delve, nicolae_spider_bzzzt, uniq_rupert
Spider:2: layout_spider_delve, gammafunk_ghost_grave, uniq_arachne
Spider:3: layout_spider_delve
Spider:4: grunt_spider_rune_parallel, nicolae_spider_altar_of_dancing
Orc:1:    layout_caves, nicolae_orc_lost_temple
Orc:2:    st_orc_congregation, layout_caves, serial_shops, shop_coins,
          nicolae_shop_trees, shop, shop, shop
Vaults:1: vaults_dpeg_spiral, v_misc_13, v_alt_pattern_6,
          hangedman_vaults_capsules, v_misc_23, vaults_room_grid,
          nicolae_vaults_network_star, vaults_room_semicircle,
          grunt_vaults_hallway_long, hangedman_vaults_impose, v_misc_11,
          v_misc_25, layout_vaults_omnibox
Vaults:2: v_rooms_5, nicolae_vaults_back_hallway, vaults_room_pool,
          minmay_crypt_entry_skeletal_spiral, dpeg_vaults_monster_box,
          v_alt_pattern_1, v_alt_pattern_6, ontoclasm_vaults_fault,
          grunt_vaults_swirl, ontoclasm_vaults_decontamination, v_misc_3,
          hangedman_vaults_trim, layout_vaults_maze, serial_shops,
          bzr_entry_islet, uniq_asterion
Depths:1: layout_forbidden_donut, hangedman_decor_clover_reticule,
          hangedman_coc_ice_floe, nicolae_trove_entry_crystal, corner_web_ring,
          kilobyte_rumbling_trees, uniq_saint_roka
Depths:2: minmay_ambush_box, layout_basic, abyss_entry_small_statue_room,
          solitary_fountain, grunt_hell_entry_dis_grunt, serial_shops, shop,
          shop, shop_fountains, nicolae_shop_waterfront, uniq_aizul, uniq_nikola

Skill      XL: |  1  2  3  4  5  6  7  8  9 10 11 12 13 14 15 16 17 18 19 |
---------------+----------------------------------------------------------+-----
Armour         | 1 2 3 4 5 6 7 8 9 10 11 12 | 12.3
Unarmed Combat | 4 5 6 7 8 10 11 12 13 14 15 16 | 16.5
Invocations    | 1 2 3 4 5 6 7 9 10 11 12 13 14 | 14.3
Fighting       | 3 4 5 6 7 8 9 10 11 | 11.8
Dodging        | 3 4 5 6 7 8 9 10 | 10.7
Throwing       | 1 2 3 4 5 6 7 8 9 10 11 | 11.0
Shields        | 1 4 5 6 8 9 10 11 | 11.6
Stealth        | |  1.0

Action                   |  1- 3 |  4- 6 |  7- 9 | 10-12 | 13-15 | 16-18 | 19-21 || total
-------------------------+-------+-------+-------+-------+-------+-------+-------++-------
Melee: Unarmed           |    98 |    96 |   220 |   761 |  1362 |  1661 |   514 ||  4712
       Punch             |     2 |     2 |     9 |     5 |       |       |       ||    18
Throw: Javelin           |       |       |       |     2 |       |       |       ||     2
       Boomerang         |       |       |       |    27 |    38 |   135 |       ||   200
       Dart              |       |       |       |    40 |   113 |     6 |       ||   159
       Large rock        |       |       |       |     3 |     3 |    11 |     5 ||    22
Invok: Recite            |       |     3 |    12 |    31 |    45 |    44 |    11 ||   146
       Vitalisation      |       |     1 |     5 |    12 |    14 |    27 |     1 ||    60
       Sanctuary         |       |       |       |       |       |     4 |       ||     4
       Imprison          |       |       |       |       |       |     1 |       ||     1
Evoke: Wand              |       |     7 |       |     7 |     4 |       |       ||    18
  Use: Scroll            |     2 |     2 |    10 |    13 |     9 |     4 |     4 ||    44
       Potion            |       |       |     2 |     3 |     2 |     6 |     3 ||    16
 Stab: Sleeping          |     1 |     1 |       |     1 |       |       |       ||     3
       Confused          |       |     1 |     1 |     8 |    23 |     5 |     4 ||    42
       Invisible         |       |       |     3 |     1 |     4 |     1 |       ||     9
       Paralysed         |       |       |     2 |     7 |    26 |    17 |       ||    52
       Held in net/web   |       |       |       |       |       |     3 |       ||     3
       Distracted        |       |       |       |       |       |     1 |       ||     1
Armor: Robe              |    24 |    17 |    50 |   161 |       |       |       ||   252
       Acid dragon scale |       |       |       |    98 |   481 |   472 |    18 ||  1069
       Troll leather arm |       |       |       |       |       |    59 |       ||    59
       Shadow dragon sca |       |       |       |       |       |       |   127 ||   127
Dodge: Dodged            |    37 |    45 |   232 |   535 |   834 |  1136 |   178 ||  2997
Block: Kite shield       |       |       |       |   394 |  1184 |  1590 |   505 ||  3673
       Reflection        |       |       |       |       |       |     7 |    27 ||    34

Table legend: (Time is in decaauts)
 A = Elapsed time spent in this place.
 B = Non-inter-level travel time spent in this place.
 C = Inter-level travel time spent in this place.
 D = Time resting spent in this place.
 E = Time spent auto-exploring this place.
 F = Levels seen in this place.
 G = Mean time per level.
                   A        B        C        D        E       F      G
               +--------+--------+--------+--------+--------+-----+--------+
         Total |  42105 |  37673 |   4432 |   2626 |  24074 |  39 | 1079.6 |
       Dungeon |  17386 |  14936 |   2450 |   1050 |  10136 |  15 | 1159.1 |
        Temple |    377 |    349 |     28 |      0 |    346 |   1 |  377.0 |
          Lair |   8892 |   7893 |    999 |    269 |   5188 |   6 | 1482.0 |
         Swamp |   4824 |   4591 |    233 |    453 |   3044 |   4 | 1206.0 |
   Spider Nest |   4290 |   4125 |    165 |    415 |   2298 |   4 | 1072.5 |
  Orcish Mines |   1381 |   1340 |     41 |    103 |    782 |   2 |  690.5 |
        Vaults |   2612 |   2219 |    393 |     91 |   1422 |   2 | 1306.0 |
        Depths |   1681 |   1561 |    120 |    245 |    546 |   2 |  840.5 |
        Bazaar |    178 |    178 |      0 |      0 |    100 |   1 |  178.0 |
        Bailey |    330 |    330 |      0 |      0 |    211 |   1 |  330.0 |
      Gauntlet |    150 |    150 |      0 |      0 |      0 |   1 |  150.0 |
               +--------+--------+--------+--------+--------+-----+--------+

Top non-repeatable levels by time:
Vaults:1: 2061 daAuts
     D:9: 1948 daAuts
    D:15: 1855 daAuts
  Lair:4: 1774 daAuts
Depths:1: 1665 daAuts
     D:8: 1595 daAuts
  Lair:2: 1594 daAuts
    D:14: 1565 daAuts
 Swamp:4: 1560 daAuts
  Lair:5: 1534 daAuts
  Lair:1: 1430 daAuts
Spider:4: 1372 daAuts
Spider:2: 1353 daAuts
  Lair:3: 1337 daAuts
 Swamp:3: 1333 daAuts
